 Dungeon Crawl Stone Soup version 0.29.0-4-gdea44cf6ec (webtiles) character file.

Game seed: 9617490710332792809

23 qw the Chopper (level 2, -1/17 HPs)
             Began as a Tengu Warper on Aug 28, 2022.
             Succumbed to their own poison gas
             ... on level 1 of the Dungeon.
             The game lasted 00:00:06 (1331 turns).

qw the Chopper (Tengu Warper)                       Turns: 1331, Time: 00:00:06

Health: -1/17      AC:  5    Str: 11    XL:     2   Next: 95%
Magic:  6/6        EV:  8    Int: 13    God:
Gold:   99         SH:  7    Dex: 13    Spells: 5/5 levels left

rFire   . . .      SeeInvis .   Y - +0 hand axe (vorpal)
rCold   . . .      Faith    .   j - +0 kite shield
rNeg    . . .      Spirit   .   g - +0 ring mail
rPois   .          Reflect  .   (helmet restricted)
rElec   .          Harm     .   (no cloak)
rCorr   .          Rampage  .   (no gloves)
Will    .....                   (boots unavailable)
Stlth   +.........              (no amulet)
HPRegen 0.05/turn               (no ring)
MPRegen 0.10/turn               (no ring)

@: lethally poisoned (-1 -> -9)
A: beak, talons 3
a: no special abilities


You were on level 1 of the Dungeon.
You visited 1 branch of the dungeon, and saw 1 of its levels.

You collected 99 gold pieces.


Innate Abilities, Weirdness & Mutations

You have a beak for a mouth.
You have claws for feet.


   Skills:
 - Level 2.0 Fighting
 - Level 3.7 Axes
 - Level 1.0 Throwing
 - Level 1.1 Armour
 - Level 2.1 Dodging
 + Level 0.0 Shields
 - Level 2.0 Spellcasting
 - Level 2.4 Translocations


You had 5 spell levels left.
You didn't know any spells.
Your spell library contained the following spells:

 Spells                   Type           Power      Damage    Failure   Level
 Blink                    Tloc           14%        N/A       77%         2
 Gell's Gravitas          Tloc           7%         N/A       94%         3
 Lesser Beckoning         Tloc           7%         N/A       94%         3
 Teleport Other           Tloc           7%         N/A       94%         3
 Manifold Assault         Tloc           7%         N/A       100%        5

Inventory:

Hand Weapons
 e - a +0 club
 Y - a +0 vorpal hand axe (weapon)
Armour
 g - a +0 ring mail (worn)
 j - a +0 kite shield (worn)
Scrolls
 a - a scroll of identify
Potions
 f - a potion of lignification {unknown}

Dungeon Overview and Level Annotations

Branches:
Dungeon (1/15)

Altars:


Message History

It is a scroll of identify.
Really abort (and waste the scroll)?
Done exploring.
1324 ||| READING scroll labelled POARUE PACOL.
As you read the scroll labelled POARUE PACOL, it crumbles to dust.
You hear a loud clanging noise!
It was a scroll of noise.
Done exploring.
1325 ||| READING scroll labelled OREEM FETA.
As you read the scroll labelled OREEM FETA, it crumbles to dust.
It is a scroll of brand weapon.
Your +0 hand axe emits a brilliant flash of light!
Y - a +0 vorpal hand axe (weapon)
Done exploring.
1326 ||| READING scroll labelled IRAIFAKAIT.
The air fills with toxic fumes!
As you read the scroll labelled IRAIFAKAIT, it crumbles to dust.
It was a scroll of poison.
Done exploring.
1327 ||| DROPPING scroll of blinking.
You drop a scroll of blinking.
Done exploring.
(D) Dungeon
Where to? (* - list waypoints, ? - help)
What level of the Dungeon? (default 1, ? - help) Sorry, I don't know how to get there.
Done exploring.
1328 ||| Stepping randomly (stuck).
Really walk into that cloud of poison gas?
You are engulfed in poison gas.
You are poisoned.
Ouch! That really hurt!
You feel very sick.
1329 ||| Stepping ~*~*~tactically~*~*~ (cloud).
You feel sick.
Things that are here:
a scroll of blinking; a +0 leather armour
There is a lethal amount of poison in your body!
You feel sick.
There is a lethal amount of poison in your body!
You die...

######## #....¤.# #...¤¤.# ####
##..¤¤¤.#
#####..###########..¤¤¤¤.###
...................¤¤¤¤0...#
.....#..#.########¤0¤¤¤¤.#.#
........#.###.##@¤¤¤00¤¤.#.#
.....##.#.....##0##¤¤¤¤¤.#.##
.....####)#.#.#####..¤¤¤.#..#
#######.........# #.#######.#
####.#.#.#.#.###.#######.#####
#......#.#....)........#.....#
#####.#.###.###.#.#.......#####.#
....#......<......#.......# #.#
....#.#.###.###.#.#.......# ###..


There were no monsters in sight!

Vanquished Creatures
  2 endoplasms (D:1)
  2 giant cockroaches (D:1)
  4 goblins (D:1)
  3 kobolds (D:1)
  5 quokkas (D:1)
  2 bats (D:1)
  2 rats (D:1)
20 creatures vanquished.

Notes
Turn   | Place    | Note
-------+----------+-------------------------------------------
     0 | D:1      | qw the Tengu Warper began the quest for the Orb.
     0 | D:1      | Reached XP level 1. HP: 12/12 MP: 4/4
     0 | D:1      | 0 ||| qw: Version: 0.1-a-89-g26bdef1
     0 | D:1      | 0 ||| qw: Game counter: 1112
     0 | D:1      | 0 ||| qw: Always use a shield: true
     0 | D:1      | 0 ||| qw: God list: Okawaru
     0 | D:1      | 0 ||| qw: Allow faded altars: false
     0 | D:1      | 0 ||| qw: Do Orc after D:15 true
     0 | D:1      | 0 ||| qw: Do second Lair branch before Depths: true
     0 | D:1      | 0 ||| qw: Lair rune preference: random
     0 | D:1      | 0 ||| qw: Plans: Normal
     0 | D:1      | 0 ||| PLANNING D:1-11
    11 | D:1      | 11 ||| Stepping ~*~*~tactically~*~*~ (stealth).
    13 | D:1      | 13 ||| Stepping ~*~*~tactically~*~*~ (stealth).
    16 | D:1      | 16 ||| Stepping ~*~*~tactically~*~*~ (stealth).
    25 | D:1      | HP: 2/12 [goblin/+0 club (4)]
   222 | D:1      | 222 ||| Stepping ~*~*~tactically~*~*~ (stealth).
   223 | D:1      | 223 ||| Stepping ~*~*~tactically~*~*~ (stealth).
   397 | D:1      | Reached XP level 2. HP: 17/17 MP: 6/6
   414 | D:1      | Reached skill level 3 in Axes
   423 | D:1      | 423 ||| Stepping ~*~*~tactically~*~*~ (stealth).
   472 | D:1      | 472 ||| Stepping ~*~*~tactically~*~*~ (stealth).
   473 | D:1      | 473 ||| Stepping ~*~*~tactically~*~*~ (stealth).
  1231 | D:1      | Found a faded altar of an unknown god.
  1307 | D:1      | 1307 ||| UPGRADING to +0 ring mail.
  1317 | D:1      | 1317 ||| DROPPING +0 leather armour.
  1318 | D:1      | 1318 ||| UPGRADING to +0 kite shield.
  1323 | D:1      | 1323 ||| READING 2 scrolls labelled GANIJU ZUEM.
  1324 | D:1      | 1324 ||| READING scroll labelled POARUE PACOL.
  1325 | D:1      | 1325 ||| READING scroll labelled OREEM FETA.
  1326 | D:1      | 1326 ||| READING scroll labelled IRAIFAKAIT.
  1327 | D:1      | 1327 ||| DROPPING scroll of blinking.
  1328 | D:1      | 1328 ||| Stepping randomly (stuck).
  1328 | D:1      | HP: 4/17 [poisoned by you (poison gas)]
  1329 | D:1      | 1329 ||| Stepping ~*~*~tactically~*~*~ (cloud).
  1330 | D:1      | HP: 1/17 [poisoned by you (poison gas)]
  1331 | D:1      | Succumbed to their own poison gas

Levels and vault maps discovered:
D:1:      roderic_chinese_lattice_arrival, layout_rooms,
          shapermc_ecumenical_altar_rom_forum

Skill      XL: |  1  2 |
---------------+-------+-----
Axes           | 3 |  3.7
Fighting       | |  2.0
Throwing       | |  1.0
Armour         | |  1.1
Dodging        | |  2.1
Spellcasting   | |  2.0
Translocations | |  2.4

Action                   || total
-------------------------++-------
Melee: Hand axe          ||    50
       Peck              ||     6
       Kick              ||     5
Throw: Boomerang         ||     7
  Use: Scroll            ||     4
Armor: Leather armour    ||    15
Dodge: Dodged            ||    33

Table legend:
 A = Non-vault XP
 B = Vault XP
 C = Vault XP percentage of total XP
 D = Non-vault monster count
 E = Vault monster count
 F = Vault count percentage of total count
                 A         B        C        D         E       F
            +---------+---------+-------+---------+---------+-------
      Total |      33 |       0 |   0.0 |      20 |       0 |   0.0
            +---------+---------+-------+---------+---------+-------
        D:1 |      33 |       0 |   0.0 |      20 |       0 |   0.0
            +---------+---------+-------+---------+---------+-------
